[Event "*** Titled Tuesday Blitz"]
[Site "Chess.com"]
[Date "2020.05.19"]
[Round "8"]
[White "m_ezat"]
[Black "Zarikovs1999"]
[Result "1-0"]
[WhiteElo "2555"]
[BlackElo "2407"]
[TimeControl "180+1"]
[EndTime "13:34:02 PDT"]
[Termination "m_ezat won on time"]

1. d4 Nf6 2. c4 c5 3. d5 b5 4. cxb5 a6 5. Nc3 axb5 6. e4 b4 7. Nb5 d6 8. Bf4 g5 9. Bxg5 Nxe4 10. Bf4 Bg7 11. Qe2 Nf6 12. Nxd6+ Kf8 13. Nxc8 Qxc8 14. Qf3 Qf5 15. d6 Ra7 16. dxe7+ Rxe7+ 17. Be2 Nbd7 18. Bd6 Qc2 19. Nh3 1-0

[Event "*** Titled Tuesday Blitz"]
[Site "Chess.com"]
[Date "2020.05.19"]
[Round "8"]
[White "rynos0411"]
[Black "RestartingChess"]
[Result "1-0"]
[WhiteElo "2359"]
[BlackElo "2520"]
[TimeControl "180+1"]
[EndTime "13:34:02 PDT"]
[Termination "rynos0411 won by resignation"]

1. d4 Nf6 2. c4 e6 3. Nf3 Bb4+ 4.
Nbd2 d5 5. e3 O-O 6. a3 Bxd2+ 7.
Bxd2 c6 8. Bd3 h6 9. O-O Nbd7 10. b4 Re8 11. Rc1 e5 12. dxe5 Nxe5 13. Nxe5 Rxe5 14. Bc3 Re8 15. b5 Be6 16. cxd5 Nxd5 17. Bd4 cxb5 18.
Bxb5 Qg5 19. Bxe8 Rxe8 20. Qf3 b6 21. Qg3 Qxg3 22. hxg3 Ne7 23. Rc7 b5 24. Rfc1 Bc4 25. Bxa7 Nd5 26. Rb7 Re4 27. Bd4 Bd3 28. Rc8+ Kh7 29.
Rxf7 1-0

[Event "*** Titled Tuesday Blitz"]
[Site "Chess.com"]
[Date "2020.05.19"]
[Round "8"]
[White "AttilaTurzo"]
[Black "albano87"]
[Result "1-0"]
[WhiteElo "2492"]
[BlackElo "2337"]
[TimeControl "180+1"]
[EndTime "13:34:04 PDT"]
[Termination "AttilaTurzo won by checkmate"]

1. e4 g6 2. d4 Bg7 3. Nc3 d6 4. Be3 c6 5. Qd2 b5 6. h4 h5 7. Nh3 Nf6 8. f3 a5 9. Ng5 b4 10.
Ne2 Bb7 11. O-O-O Qb6 12. Kb1 a4 13. Nc1 Nbd7 14. Bc4 d5 15. Bd3 O-O 16. e5 Nh7 17. e6 Nxg5 18. hxg5 Nb8 19. g4 hxg4 20. Qh2 Rc8 21. Bxg6 b3 22. Bxf7+ Kf8 23. Qh7 bxa2+ 24. Nxa2 a3 25. Qg8# 1-0

[Event "*** Titled Tuesday Blitz"]
[Site "Chess.com"]
[Date "2020.05.19"]
[Round "8"]
[White "tsvet2005"]
[Black "Susal_De_Silva"]
[Result "1-0"]
[WhiteElo "2517"]
[BlackElo "2378"]
[TimeControl "180+1"]
[EndTime "13:34:08 PDT"]
[Termination "tsvet2005 won by resignation"]

1. d4 Nf6 2. c4 e6 3. Nc3 Bb4 4. f3 c5 5. d5 O-O 6. e4 b5 7. Nh3 Re8 8. dxe6 dxe6 9. Qxd8 Rxd8 10. cxb5 Bb7 11. Be3 Nbd7 12. O-O-O Bxc3 13. bxc3 a6 14. bxa6 Bxa6 15. Rd2 Bxf1 16. Rxf1 Ne5 17. Rxd8+ Rxd8 18. Rd1 Rc8 19. Bg5 Nfd7 20. f4 1-0

[Event "*** Titled Tuesday Blitz"]
[Site "Chess.com"]
[Date "2020.05.19"]
[Round "8"]
[White "wnstop"]
[Black "Shield12"]
[Result "0-1"]
[WhiteElo "2619"]
[BlackElo "2818"]
[TimeControl "180+1"]
[EndTime "13:34:19 PDT"]
[Termination "Shield12 won on time"]

1. e4 c5 2. Nf3 Nc6 3. Bb5 Nf6 4. Nc3 g6 5. O-O Bg7 6. e5 Ng4 7. Bxc6 dxc6 8. Re1 O-O 9. h3 Nh6 10. Ne4 b6 11. d3 Nf5 12. c3 Ba6 13. g4 Nh6 14. d4 cxd4 15. Nxd4 c5 16. Nf3 Qxd1 17. Rxd1 Be2 18. Bxh6 Bxh6 19. Ne1 Bxd1 20. Rxd1 Rfd8 21. Rxd8+ Rxd8 22. g5 Bg7 23. f4 Rd1 24. Kf2 Rb1 25. b3 Rb2+ 26. Ke3 Rxa2 27. Nd2 h6 28. h4 hxg5 29. hxg5 f6 30. Nd3 fxg5 31. fxg5 Kf7 32. Nf3 Ra3 0-1

[Event "*** Titled Tuesday Blitz"]
[Site "Chess.com"]
[Date "2020.05.19"]
[Round "8"]
[White "SanchezKelvin"]
[Black "FMJoseHerrera"]
[Result "0-1"]
[WhiteElo "2474"]
[BlackElo "2643"]
[TimeControl "180+1"]
[EndTime "13:34:19 PDT"]
[Termination "FMJoseHerrera won by resignation"]

1. d4 Nf6 2. c4 c5 3. Nf3 g6 4.
Nc3 Bg7 5. g3 O-O 6. Bg2 cxd4 7.
Nxd4 Nc6 8. e3 h5 9. O-O h4 10.
b3 hxg3 11. hxg3 Ne5 12. Bb2 d6 13. Qd2 a6 14. Rac1 Rb8 15. Nd5 Bg4 16. f3 Be6 17.
e4 Nh5 18. g4 Nf6 19. Nxe6 fxe6 20. Nf4 Bh6 21. Rcd1 Nh5 22. Bxe5 Nxf4 23. Qc3 Ne2+ 0-1

[Event "*** Titled Tuesday Blitz"]
[Site "Chess.com"]
[Date "2020.05.19"]
[Round "8"]
[White "LADIESGET2KNOWME"]
[Black "giantslayer83"]
[Result "1-0"]
[WhiteElo "2563"]
[BlackElo "2671"]
[TimeControl "180+1"]
[EndTime "13:34:20 PDT"]
[Termination "LADIESGET2KNOWME won by resignation"]

1. e4 e5 2. Nf3 Nc6 3. Bc4 Bc5 4. b4 Bxb4 5. c3 Ba5 6. d4 d6 7. Qb3 Qe7 8. dxe5 Nxe5 9. Nxe5 dxe5 10. Qb5+ c6 11.
Qxa5 Nf6 12. Ba3 b6 13. Bxe7 bxa5 14. Bxf6 gxf6 15. Nd2 a4 16. f3 Ke7 17. Nf1 Rb8 18. Ne3 Rb2 19. O-O Be6 20. Rf2 Rhb8 21. Bxe6 fxe6 22.
Nc4 R2b5 23. Rc2 Rc5 24. Nd2 a3 25. c4 Ra5 26. Nb3 Ra4 27. Rd1 Rab4 28. Kf2 a5 29. Nxa5 Rb2 30. Nxc6+ Kf7 31. Rdd2 Rc8 32. Na5 Rc5 33.
Nb3 Rxc4 34. Rxc4 1-0

[Event "*** Titled Tuesday Blitz"]
[Site "Chess.com"]
[Date "2020.05.19"]
[Round "8"]
[White "CHESSMASTER759"]
[Black "Maghalashvili"]
[Result "0-1"]
[WhiteElo "2666"]
[BlackElo "2813"]
[TimeControl "180+1"]
[EndTime "13:34:23 PDT"]
[Termination "Maghalashvili won by resignation"]

1. e4 c5 2. c3 g6 3. d4 cxd4 4. cxd4 d5 5. exd5 Nf6 6. Nc3 Bg7 7. Bb5+ Nbd7 8. Nge2 O-O 9. O-O Nb6 10. a3 Nbxd5 11.
Bc4 b6 12. Nxd5 Nxd5 13. Nc3 Nxc3 14. bxc3 Bb7 15. Bd2 Rc8 16. Ba2 e5 17. dxe5 Bxe5 18. Re1 Bxc3 19. Bxc3 Rxc3 20. Qxd8 Rxd8 21. Re7 Rxa3 22.
Bxf7+ Kf8 23. Rae1 Ra1 24. Bb3 Rxe1+ 25. Rxe1 a5 26. f3 Rd6 27. Bc4 Bc8 0-1

[Event "*** Titled Tuesday Blitz"]
[Site "Chess.com"]
[Date "2020.05.19"]
[Round "8"]
[White "m-garcett"]
[Black "canary2016"]
[Result "0-1"]
[WhiteElo "2087"]
[BlackElo "1963"]
[TimeControl "180+1"]
[EndTime "13:34:24 PDT"]
[Termination "canary2016 won by resignation"]

1. e4 c6 2. c4 d5 3. cxd5 cxd5 4. exd5 Qxd5 5. Nc3 Qd8 6. d4 Nf6 7. Bc4 Bf5 8. Bb5+ Nbd7 9. Nf3 e6 10. Ne5 Bd6 11. Bf4 Bxe5 12. dxe5 Ne4 13. Nxe4 Bxe4 14. Qa4 Bc6 15.
Bxc6 bxc6 16. Qa3 c5 17. O-O O-O 18. Rad1 Qc7 19. Rd2 Rfd8 20. Rfd1 Nb6 21. b3 Rxd2 22. Rxd2 Rd8 23. Qb2 Nd5 24. Bg3 Qa5 25. h3 Nb4 26.
Rxd8+ Qxd8 27. a3 Nd5 28. Qc3 Nxc3 0-1

[Event "*** Titled Tuesday Blitz"]
[Site "Chess.com"]
[Date "2020.05.19"]
[Round "8"]
[White "amiralfio"]
[Black "Torrentec"]
[Result "1-0"]
[WhiteElo "2450"]
[BlackElo "2293"]
[TimeControl "180+1"]
[EndTime "13:34:27 PDT"]
[Termination "amiralfio won by resignation"]

1. e4 e5 2. Nf3 Nc6 3. d4 exd4 4.
Bc4 Bc5 5. c3 Nf6 6. O-O d6 7.
cxd4 Bb6 8. Bg5 h6 9. Bh4 O-O 10. Nc3 Bg4 11. Nd5 g5 12. Qd2 Nxe4 13. Qe3 f5 14.
Nxb6+ Kh7 15. Nxa8 Qxa8 16. Bg3 Re8 17. Qd3 f4 18.
Nxg5+ hxg5 19. f3 Bf5 20. fxe4 Bxe4 21. Qd1 Bg6 22. Bd3 Kg7 23. Bxf4 Bxd3 24. Qxd3 gxf4 25. Rxf4 Qc8 26. Qg3+ 1-0

[Event "*** Titled Tuesday Blitz"]
[Site "Chess.com"]
[Date "2020.05.19"]
[Round "8"]
[White "Khamrakulov_Djurabek"]
[Black "aNaartjieZA"]
[Result "1-0"]
[WhiteElo "2793"]
[BlackElo "2578"]
[TimeControl "180+1"]
[EndTime "13:34:29 PDT"]
[Termination "Khamrakulov_Djurabek won by resignation"]

1. e4 e6 2. d4 d5 3. Nd2 Nf6 4. e5 Nfd7 5. Bd3 c5 6. c3 Nc6 7. Ne2 cxd4 8. cxd4 f6 9. Nf4 Nxd4 10. Qh5+ Ke7 11.
Ng6+ hxg6 12. exf6+ Nxf6 13. Qxh8 Kf7 14. O-O e5 15. Nf3 Nxf3+ 16. gxf3 Bf5 17. Bxf5 gxf5 18. Bg5 Bc5 19. Qh3 Ke6 20. Rfe1 e4 21. fxe4 dxe4 22. Rxe4+ Nxe4 23. Bxd8 Bxf2+ 24. Kg2 Rxd8 25. Qb3+ Kf6 26. Rd1 Rxd1 27. Qxd1 b6 28. Qd8+ Kg6 29. Qe8+ Kh6 30. Qf7 g6 31. Qxa7 Kg5 32. a4 Kf4 33. b4 Be3 34. Qc7+ Kg4 35. a5 bxa5 36. bxa5 f4 37.
h3+ Kg5 38. Qe7+ Kf5 39. Qd7+ Ke5 40. a6 Nd2 41. Qxd2 1-0

[Event "*** Titled Tuesday Blitz"]
[Site "Chess.com"]
[Date "2020.05.19"]
[Round "8"]
[White "boasovietica"]
[Black "PetrolulSah"]
[Result "1-0"]
[WhiteElo "2388"]
[BlackElo "2197"]
[TimeControl "180+1"]
[EndTime "13:34:31 PDT"]
[Termination "boasovietica won by resignation"]

1. e4 e5 2. Nf3 Nf6 3. Nc3 Bb4 4. Bc4 O-O 5. d3 d5 6. exd5 Nxd5 7. Bd2 Nxc3 8. bxc3 Bd6 9. h3 Nc6 10. a4 Bf5 11.
O-O e4 12. Nd4 Nxd4 13. cxd4 exd3 14. cxd3 Qf6 15. Qf3 Qxd4 16. Qxf5 Qb2 17. Be3 Rae8 18. Rab1 Qa3 19. Rxb7 Re5 20. Qf3 Qxa4 21. Rxa7 Qd7 22. Rb7 Rf5 23. Qg4 g6 24. Rfb1 Qc6 25. Qe4 Qa4 26.
Bxf7+ 1-0

[Event "*** Titled Tuesday Blitz"]
[Site "Chess.com"]
[Date "2020.05.19"]
[Round "8"]
[White "aa175"]
[Black "anon569"]
[Result "1-0"]
[WhiteElo "2429"]
[BlackElo "2263"]
[TimeControl "180+1"]
[EndTime "13:34:34 PDT"]
[Termination "aa175 won by checkmate"]

1. d4 Nf6 2. Nf3 e6 3. Bf4 b6 4.
e3 Bb7 5. Nbd2 Be7 6. Bd3 c5 7. Nc4 d6 8. c3 O-O 9. h3 b5 10. Ncd2 a6 11. e4 cxd4 12. cxd4 Nc6 13. O-O e5 14.
Be3 exd4 15. Nxd4 Ne5 16. Bc2 Nc4 17. Nxc4 bxc4 18. Nf5 Re8 19. Qf3 Bf8 20. Qg3 Kh8 21. f3 Nh5 22. Qg4 g6 23. Bd4+ f6 24. Nh4 d5 25. Nxg6+ hxg6 26. Qxg6 Ng7 27. Bxf6 Qb6+ 28. Kh1 Re6 29. e5 Kg8 30. Qh7+ Kf7 31. Qg6+ Kg8 32.
Qh7+ Kf7 33. Bg6# 1-0

[Event "*** Titled Tuesday Blitz"]
[Site "Chess.com"]
[Date "2020.05.19"]
[Round "8"]
[White "Baby_Shak"]
[Black "GigaQuparadze"]
[Result "0-1"]
[WhiteElo "2632"]
[BlackElo "2872"]
[TimeControl "180+1"]
[EndTime "13:34:39 PDT"]
[Termination "GigaQuparadze won by resignation"]

1. d4 Nf6 2. Bf4 b6 3. Nd2 Bb7 4. e3 g6 5. Ngf3 Bg7 6. Bd3 O-O 7. h4 d6 8. h5 Nxh5 9. Rxh5 gxh5 10. Ng5 h6 11.
Qxh5 e5 12. dxe5 dxe5 13. Bc4 Bd5 14. Bxd5 Qxd5 15. Ngf3 Qe6 16. Bxe5 Nd7 17. Bxg7 Kxg7 18. O-O-O Nf6 19. Qh4 Qg4 20. Qh2 Rfd8 21. Rh1 h5 22. Ne5 Qe2 23. Qg3+ Ng4 24. Ndf3 Qxf2 25. Qh3 Nxe3 0-1

[Event "*** Titled Tuesday Blitz"]
[Site "Chess.com"]
[Date "2020.05.19"]
[Round "8"]
[White "kintoho"]
[Black "fridaywins"]
[Result "1-0"]
[WhiteElo "2425"]
[BlackElo "2247"]
[TimeControl "180+1"]
[EndTime "13:34:40 PDT"]
[Termination "kintoho won by resignation"]

1. d4 Nf6 2. Nf3 g6 3. Nc3 d5 4.
Bf4 Bg7 5. Nb5 Na6 6. e3 O-O 7. h3 c6 8. Nc3 Nc7 9. Bd3 Bf5 10. Bxf5 gxf5 11. O-O Ne4 12. Ne2 Ne6 13. Be5 Bxe5 14.
Nxe5 f6 15. Nd3 Ng7 16. b3 Qd6 17. c4 e5 18. cxd5 cxd5 19. f3 Ng5 20. f4 exf4 21.
Nexf4 Rae8 22. Qe2 Re4 23. Rae1 Rfe8 24. Qd2 N5e6 25.
Nf2 Nxf4 26. Nxe4 Rxe4 27. Rxf4 b6 28. Rxe4 fxe4 29. Qf2 f5 30. g3 a5 31. Qf4 Qxf4 32.
gxf4 Ne6 33. Rc1 Kf7 34. Rc6 b5 35. Rb6 1-0

[Event "*** Titled Tuesday Blitz"]
[Site "Chess.com"]
[Date "2020.05.19"]
[Round "8"]
[White "Doukis"]
[Black "Papa12341234"]
[Result "0-1"]
[WhiteElo "2384"]
[BlackElo "2553"]
[TimeControl "180+1"]
[EndTime "13:34:44 PDT"]
[Termination "Papa12341234 won by resignation"]

1. d4 Nf6 2. c4 g6 3. f3 d5 4. cxd5 Nxd5 5. e4 Nb6 6. Nc3 Bg7 7. Be3 O-O 8. Qd2 a5 9. h4 h5 10. O-O-O a4 11. Bh6 a3 12. b3 c5 13. Bxg7 Kxg7 14. dxc5 Qxd2+ 15. Rxd2 N6d7 16. b4 Nc6 17. b5 Nce5 18.
Nh3 Nxc5 19. Nf4 e6 20. Be2 Bd7 21. Rhd1 Rfc8 22. Kb1 Be8 23. Rd4 Nb3 24. Rb4 Rxc3 25. Rxb3 Rxb3+ 26. axb3 Ra5 27. Ka2 Kf6 28. b4 Ra8 29. Nd3 Bxb5 30. Nxe5 Bxe2 31. Nd7+ Ke7 32. Rd2 Bc4+ 33. Ka1 Rd8 34. Rc2 Bd3 0-1

[Event "*** Titled Tuesday Blitz"]
[Site "Chess.com"]
[Date "2020.05.19"]
[Round "8"]
[White "sari07"]
[Black "BakaPG"]
[Result "0-1"]
[WhiteElo "2459"]
[BlackElo "2620"]
[TimeControl "180+1"]
[EndTime "13:34:45 PDT"]
[Termination "BakaPG won by resignation"]

1. d4 c5 2. d5 e5 3. e4 d6 4. Bb5+ Nd7 5. Ne2 Be7 6. O-O Bg5 7. f4 exf4 8. Nxf4 Bf6 9. c3 a6 10. Bxd7+ Bxd7 11. a4 Ne7 12. Nd2 Ng6 13. Nh5 Be5 14. Nf3 O-O 15. Bg5 f6 16. Nxe5 Nxe5 17. Bf4 Bg4 18. Qe1 Bxh5 19. Qg3 Qe8 20. a5 Qg6 21.
Qe3 Rae8 22. Ra3 Nc4 0-1

[Event "*** Titled Tuesday Blitz"]
[Site "Chess.com"]
[Date "2020.05.19"]
[Round "8"]
[White "talaicito"]
[Black "Andrii_Prydun"]
[Result "0-1"]
[WhiteElo "2174"]
[BlackElo "2384"]
[TimeControl "180+1"]
[EndTime "13:34:45 PDT"]
[Termination "Andrii_Prydun won on time"]

1. d4 c6 2. Nc3 d5 3. Bf4 Nf6 4. f3 g6 5. e4 dxe4 6. fxe4 Bg7 7. Nf3 O-O 8. Qd2 Bg4 9. Be2 Nbd7 10. h3 Bxf3 11.
gxf3 e5 12. dxe5 Nh5 13. e6 Qh4+ 14. Kd1 Nxf4 15. exd7 Rad8 16. Kc1 Ne6 17. Kb1 Nd4 18. a4 Rxd7 19. Qd3 Rfd8 20. Ra3 Qf2 21. Rf1 Qg2 22. Qe3 Qxh3 23. a5 Ne6 24. a6 b6 25.
Rb3 Bd4 26. Qc1 Qg2 27. f4 Bxc3 0-1

[Event "*** Titled Tuesday Blitz"]
[Site "Chess.com"]
[Date "2020.05.19"]
[Round "8"]
[White "mamey78"]
[Black "LizaSolovyova"]
[Result "1-0"]
[WhiteElo "2400"]
[BlackElo "2536"]
[TimeControl "180+1"]
[EndTime "13:34:47 PDT"]
[Termination "mamey78 won by checkmate"]

1. e4 e5 2. Nf3 d6 3. d4 Qe7 4. Bg5 Nf6 5. Nc3 c6 6. Qd2 h6 7.
Be3 Bg4 8. O-O-O Nbd7 9. h3 Bh5 10. Bd3 Qd8 11. Kb1 Be7 12. g4 Bg6 13. Nh4 Nxe4 14. Bxe4 Bxh4 15. Bxg6 fxg6 16. dxe5 Nxe5 17. f4 Nc4 18.
Qd3 Nxe3 19. Qxe3+ Qe7 20. Qd3 O-O-O 21. Qxg6 Rhf8 22. Rhf1 d5 23. Qd3 Bf6 24. Ne2 Qc5 25. Ng3 Rfe8 26. Nf5 Qb6 27. c3 Re4 28. Rfe1 Rde8 29.
Nd6+ Kb8 30. Nxe8 Qf2 31. Rxe4 dxe4 32. Qd8+ Bxd8 33. Rxd8# 1-0

[Event "*** Titled Tuesday Blitz"]
[Site "Chess.com"]
[Date "2020.05.19"]
[Round "8"]
[White "BocharovD"]
[Black "Firouzja2003"]
[Result "0-1"]
[WhiteElo "2851"]
[BlackElo "3167"]
[TimeControl "180+1"]
[EndTime "13:34:50 PDT"]
[Termination "Firouzja2003 won by resignation"]

1. c4 Nf6 2. g3 g6 3. Bg2 Bg7 4. d4 O-O 5. Nc3 d6 6. Nf3 Nbd7 7. O-O e5 8. e4 exd4 9. Nxd4 Re8 10. h3 a6 11. Be3 Rb8 12. a4 Nc5 13. Qc2 a5 14.
Rad1 Bd7 15. Ndb5 Qc8 16. g4 Na6 17. f3 Nb4 18. Qd2 Be6 19. b3 h5 20. Bd4 hxg4 21. hxg4 Nd7 22. Bxg7 Kxg7 23. g5 Nc6 24. f4 Nc5 25.
Nd5 Bxd5 26. cxd5 Nb4 27. e5 Qg4 28. Qc3 Ne4 29. Qb2 Ng3 30. exd6+ Kg8 31. dxc7 Ne2+ 0-1

[Event "*** Titled Tuesday Blitz"]
[Site "Chess.com"]
[Date "2020.05.19"]
[Round "8"]
[White "luizwas"]
[Black "Klavdia_Nik"]
[Result "0-1"]
[WhiteElo "1812"]
[BlackElo "2041"]
[TimeControl "180+1"]
[EndTime "13:34:52 PDT"]
[Termination "Klavdia_Nik won on time"]

1. e4 e5 2. Nf3 Nc6 3. Bc4 Be7 4.
c3 Nf6 5. d3 O-O 6. O-O d5 7.
exd5 Nxd5 8. Re1 Bf6 9. Nbd2 g6 10. Ne4 Bg7 11. Qb3 Na5 12. Qb5 Nxc4 13. Qxc4 c6 14.
Be3 h6 15. d4 Nxe3 16. Rxe3 exd4 17. Nxd4 Kh7 18. Rd1 Qa5 19. b4 Qh5 0-1

[Event "*** Titled Tuesday Blitz"]
[Site "Chess.com"]
[Date "2020.05.19"]
[Round "8"]
[White "Lagmantr"]
[Black "hansen"]
[Result "1-0"]
[WhiteElo "2693"]
[BlackElo "2929"]
[TimeControl "180+1"]
[EndTime "13:34:54 PDT"]
[Termination "Lagmantr won by resignation"]

1. e4 c5 2. Nf3 e6 3. d4 cxd4 4. Nxd4 a6 5. c4 Nf6 6. Nc3 Qc7 7. Be2 b6 8. f4 d6 9. O-O Bb7 10. Bf3 Nbd7 11. Be3 Rc8 12. Rc1 Qb8 13. b3 Qa8 14.
Qc2 Nc5 15. e5 dxe5 16. fxe5 Nfd7 17. Bxb7 Qxb7 18. b4 Nxe5 19. bxc5 Nxc4 20. Qa4+ b5 21. Ncxb5 axb5 22. Nxb5 Qc6 23. Qxc4 Ra8 24. Qf4 Rxa2 25. Qxf7+ Kd8 26. Rfd1+ Kc8 27. Na7+ 1-0

[Event "*** Titled Tuesday Blitz"]
[Site "Chess.com"]
[Date "2020.05.19"]
[Round "8"]
[White "grandcoach"]
[Black "Majesth"]
[Result "0-1"]
[WhiteElo "2104"]
[BlackElo "2462"]
[TimeControl "180+1"]
[EndTime "13:34:54 PDT"]
[Termination "Majesth won by resignation"]

1. e4 e6 2. Nf3 d5 3. e5 c5 4. b4 d4 5. Bd3 cxb4 6. a3 Nc6 7. O-O Bc5 8. axb4 Nxb4 9. Be4 Ne7 10. Na3 h6 11.
Nc4 O-O 12. Ba3 Rb8 13. Bxb4 Bxb4 14. Rxa7 b5 15. Nb2 Qb6 16. Qa1 Nc6 17. Bxc6 Qxc6 18.
Nxd4 Qe4 19. c3 Bc5 20. Re1 Qd5 21. Ra5 Bxd4 22. cxd4 Bb7 23. f3 Qxd4+ 24. Kh1 Qxd2 25. Qc1 Qxa5 0-1

[Event "*** Titled Tuesday Blitz"]
[Site "Chess.com"]
[Date "2020.05.19"]
[Round "8"]
[White "colonelcassad"]
[Black "imdarealist"]
[Result "1-0"]
[WhiteElo "2420"]
[BlackElo "2246"]
[TimeControl "180+1"]
[EndTime "13:34:54 PDT"]
[Termination "colonelcassad won by resignation"]

1. d4 d5 2. Nf3 Nf6 3. Bf4 e6 4. c3 Bd6 5. e3 O-O 6. Bd3 c5 7. Bg5 h6 8. Bh4 Nbd7 9. g4 Be7 10. Bxf6 Bxf6 11. h4 Be7 12. g5 h5 13. g6 f6 14. Nfd2 f5 15. Qxh5 Nf6 16. Qf3 cxd4 17. cxd4 Ne4 18. Bxe4 Rf6 19. Qh5 Rxg6 20. Qxg6 fxe4 21.
Rg1 Bf6 22. h5 1-0

[Event "*** Titled Tuesday Blitz"]
[Site "Chess.com"]
[Date "2020.05.19"]
[Round "8"]
[White "eightbyeightchess"]
[Black "mirandamikadze"]
[Result "1-0"]
[WhiteElo "2527"]
[BlackElo "2006"]
[TimeControl "180+1"]
[EndTime "13:34:54 PDT"]
[Termination "eightbyeightchess won by checkmate"]

1. e4 c6 2. d4 d5 3. e5 c5 4. dxc5 Nc6 5. f4 e6 6. Be3 d4 7. Bf2 Bxc5 8. Nf3 Nh6 9. Bd3 Ng4 10. Bg1 h6 11. Nbd2 O-O 12. Ne4 Bb6 13. h3 Ne3 14. Qe2 Nd5 15. g3 Ndb4 16. Bf2 Nxd3+ 17. cxd3 Ba5+ 18. Nfd2 b5 19. O-O Bb6 20. Rac1 Nb4 21. a3 Nd5 22. Nd6 Ba6 23. N2e4 b4 24. axb4 Nxb4 25.
Qg4 Nxd3 26. Rcd1 Nxf2 27. Rxf2 d3 28. f5 Bxf2+ 29. Kxf2 exf5 30. Nxf5 g6 31. Nf6+ Kh8 32. Qh4 h5 33. Qg5 Qb6+ 34. Ne3 Qxb2+ 35. Kg1 Kg7 36.
Nf5+ Kh8 37. Qh6# 1-0

[Event "*** Titled Tuesday Blitz"]
[Site "Chess.com"]
[Date "2020.05.19"]
[Round "8"]
[White "FGHSMN"]
[Black "Grootneus"]
[Result "1-0"]
[WhiteElo "2517"]
[BlackElo "2239"]
[TimeControl "180+1"]
[EndTime "13:34:57 PDT"]
[Termination "FGHSMN won by resignation"]

1. e4 c5 2. Nf3 e6 3. d4 cxd4 4. Nxd4 a6 5. c4 Nf6 6. Nc3 Bb4 7. Qf3 Bxc3+ 8. bxc3 d6 9. Bd3 O-O 10. O-O Nbd7 11. Qg3 Nc5 12. Re1 Qa5 13. Bc2 b5 14.
Bh6 Ne8 15. e5 dxe5 16. Rxe5 Qc7 17. Bf4 Qe7 18. Bxh7+ Kxh7 19. Rh5+ Kg8 20. Qh3 f5 21. Rh8+ Kf7 22. Qh5+ g6 23. Qh7+ Kf6 24. Bg5+ 1-0

[Event "*** Titled Tuesday Blitz"]
[Site "Chess.com"]
[Date "2020.05.19"]
[Round "8"]
[White "ZverevLev"]
[Black "LimeInTheCoconut"]
[Result "0-1"]
[WhiteElo "2189"]
[BlackElo "2509"]
[TimeControl "180+1"]
[EndTime "13:34:58 PDT"]
[Termination "LimeInTheCoconut won by resignation"]

1. e4 c6 2. d4 d5 3. e5 Bf5 4. Nf3 e6 5. Be2 c5 6. c4 dxc4 7. Bxc4 cxd4 8. Qxd4 Nc6 9. Qxd8+ Rxd8 10. O-O Nge7 11.
Nc3 a6 12. a4 Ng6 13. Bg5 Be7 14. Bxe7 Kxe7 15. Rfe1 Bg4 16. Be2 Bxf3 17. Bxf3 Ngxe5 18. Bxc6 Nxc6 19. Rad1 Rxd1 20. Rxd1 Rd8 21. Rxd8 Nxd8 22.
Kf1 f5 23. f4 Kd6 24. Ke2 Nc6 25. Kd3 g6 26. g3 e5 27. fxe5+ Kxe5 28. Ke3 g5 29.
Ne2 Na5 30. Kd3 f4 31. gxf4+ gxf4 32. Ng1 Nc6 33. Nf3+ Kf5 34. Ke2 Ne5 35. Nd4+ Ke4 36. Nb3 f3+ 37. Kf1 b6 38. h3 a5 39. Nd2+ Kd3 40. Nb1 Kc2 41. Nc3 Kxb2 42. Nd5 Nc4 43. Kf2 Kb3 44. Kxf3 Kxa4 45. Nf6 Kb3 0-1

[Event "*** Titled Tuesday Blitz"]
[Site "Chess.com"]
[Date "2020.05.19"]
[Round "8"]
[White "Arjun2002"]
[Black "zaur-mammadov"]
[Result "0-1"]
[WhiteElo "2661"]
[BlackElo "2564"]
[TimeControl "180+1"]
[EndTime "13:35:02 PDT"]
[Termination "zaur-mammadov won by resignation"]

1. e4 e6 2. d4 d5 3. Nc3 Nf6 4. Bg5 Be7 5. e5 Nfd7 6. Bxe7 Qxe7 7. f4 a6 8. Nf3 c5 9. dxc5 Nc6 10. Bd3 Qxc5 11. Qd2 b5 12. Ne2 b4 13. c3 a5 14.
Ned4 Ba6 15. Rc1 Nxd4 16. cxd4 Qb6 17. Bb1 O-O 18. Qc2 g6 19. Qf2 Rfc8 20. Kd2 a4 21. Qh4 a3 22. b3 Rc3 23. Rxc3 bxc3+ 24. Ke3 c2 25. Bxc2 Rc8 26. Bb1 Rc3+ 27. Kf2 Nf8 28.
Qe7 Rxf3+ 29. gxf3 Qxd4+ 30. Kg3 Be2 31. Qh4 Qe3 32. h3 Bxf3 33. Kh2 Bxh1 34. Bxg6 0-1

[Event "*** Titled Tuesday Blitz"]
[Site "Chess.com"]
[Date "2020.05.19"]
[Round "8"]
[White "dretch"]
[Black "Eltaj_Safarli"]
[Result "0-1"]
[WhiteElo "2764"]
[BlackElo "3003"]
[TimeControl "180+1"]
[EndTime "13:35:04 PDT"]
[Termination "Eltaj_Safarli won on time"]

1. d4 Nf6 2. c4 g6 3. Nc3 d5 4. e3 Bg7 5. Qb3 dxc4 6. Bxc4 O-O 7. Nf3 c5 8. d5 Ne8 9. O-O Nd6 10. e4 a6 11. e5 b5 12. exd6 bxc4 13. dxe7 cxb3 14. exd8=Q Rxd8 15. Bg5 f6 16. Be3 bxa2 17.
Bxc5 Nd7 18. Bd4 Rb8 19. Rxa2 Nb6 20. Rd1 Nxd5 21. Ba7 Rb7 22. Nxd5 Rbd7 23. Ra5 Bb7 24. Bb6 Rxd5 25. Raxd5 Rxd5 26. Rxd5 Bxd5 27. Bd4 Bxf3 28.
gxf3 f5 29. Bxg7 Kxg7 30. Kf1 Kf6 31. f4 Ke6 32. Ke2 Kd5 33. Kd3 Kc5 34. Kc3 a5 35. f3 a4 36. Kd3 Kb4 37. Kc2 Kc4 0-1

[Event "*** Titled Tuesday Blitz"]
[Site "Chess.com"]
[Date "2020.05.19"]
[Round "8"]
[White "PauloCesarCosta_sad"]
[Black "rekosheten"]
[Result "0-1"]
[WhiteElo "2200"]
[BlackElo "2352"]
[TimeControl "180+1"]
[EndTime "13:35:04 PDT"]
[Termination "rekosheten won on time"]

1. Nf3 Nf6 2. c4 e6 3. d4 d5 4.
Nc3 Bb4 5. Bg5 Nbd7 6. e3 c5 7. cxd5 exd5 8. Rc1 Qa5 9. Bxf6 Nxf6 10. Bb5+ Qxb5 11. dxc5 O-O 12. a3 Bxc3+ 13. Rxc3 Qxb2 14. Rb3 Qa2 15. O-O Ne4 16. Nd4 Nxc5 17. Rc3 b6 18. Qh5 Be6 19. Nf3 Qb2 20. Ng5 h6 0-1

[Event "*** Titled Tuesday Blitz"]
[Site "Chess.com"]
[Date "2020.05.19"]
[Round "8"]
[White "ajian"]
[Black "FMOlexandrProhorov"]
[Result "1-0"]
[WhiteElo "2321"]
[BlackElo "2127"]
[TimeControl "180+1"]
[EndTime "13:35:04 PDT"]
[Termination "ajian won by resignation"]

1. d4 g6 2. c4 Bg7 3. Nf3 c5 4. d5 d6 5. e4 Nf6 6. Nc3 O-O 7. h3 e6 8. Bd3 exd5 9. cxd5 Re8 10. O-O Nbd7 11. Bf4 Qe7 12. Nb5 Ne5 13. Bxe5 dxe5 14. d6 Qd7 15. Nc7 Qxd6 16. Nxa8 Qb8 17. Bc4 h6 18. Nh4 Kh7 19. Bxf7 Re7 20. Bxg6+ Kg8 21. Qd8+ Bf8 22. Nf5 Re6 23. Nxh6+ Kg7 24. Bf5 Be7 25. Qc7 Qxc7 26. Nxc7 Rc6 27. Bxc8 Kxh6 28. Nd5 Nxd5 29. Bxb7 Rc8 30. Bxc8 1-0

[Event "*** Titled Tuesday Blitz"]
[Site "Chess.com"]
[Date "2020.05.19"]
[Round "8"]
[White "Zmof"]
[Black "OhanyanEminChess"]
[Result "0-1"]
[WhiteElo "2232"]
[BlackElo "2418"]
[TimeControl "180+1"]
[EndTime "13:35:06 PDT"]
[Termination "OhanyanEminChess won by resignation"]

1. e4 e5 2. Bc4 Nf6 3. d3 c6 4.
Nf3 d5 5. Bb3 Bd6 6. exd5 cxd5 7. Bg5 Be6 8. Nc3 Qa5 9. O-O Nbd7 10. Re1 O-O-O 11. Qd2 Kb8 12. Bxf6 Nxf6 13. Ng5 Bb4 14.
Nxe6 fxe6 15. a3 Bxc3 16. Qxc3 Qxc3 17. bxc3 e4 18. f3 exf3 19. gxf3 Rhe8 20. Re5 Kc7 21.
Rae1 Kd6 22. d4 Rc8 23. R1e3 Nd7 24. Rg5 g6 25. h4 Nb6 26. h5 Rg8 27. hxg6 Rxg6 28.
Rxg6 hxg6 29. Kf2 Nc4 30. Re1 Nxa3 31. Rg1 Rxc3 32. Rxg6 Nxc2 33. Bxc2 Rxc2+ 34. Ke3 Rc3+ 35. Kf4 Rd3 36. Rg7 Rxd4+ 37. Ke3 Rb4 38. f4 a5 0-1